AoeStats
← :)

Arabia

507865972Analyzed
4v4 RM · 13d ago on Sep 20, 2026· 33m 51s· 8 players
Game mode
Random Map
Map size
Large (8 player)
Population
200
Speed
Normal
Resources
Standard
Victory
Conquest
Starting age
Dark Age
Ending age
Imperial Age
RankedLock teamsTeams togetherTeam positionsShared explorationLock speedFull tech treeHidden civsTurbo modeCheats
Victory
Defeat
🇦🇷 Franks · Argentina
1434
+11
🇨🇴 Maya · Colombia
1400
+12
🇦🇷 Vietnamese · Argentina
1283
+17
🇦🇷 Magyars · Argentina
1125
+24
🇹🇼 Ethiopians · Taiwan
1329
-17
🇦🇷 Magyars · Argentina
1316
-16
🇺🇸 Maya · United States
1306
-16
🇦🇷 Lithuanians · Argentina
1291
-15
HappyHalb
0:29 Loom
8:27 Feudal Age
9:10 Double-Bit Axe
13:14 Fletching
16:20 Horse Collar
18:11 Padded Archer Armor
19:32 Wheelbarrow
23:16 Castle Age
23:55 Bodkin Arrow
23:21 Crossbowman
25:13 Gold Mining
27:55 Ballistics
27:56 Leather Archer Armor
31:36 Thumb Ring
:)
6:39 Loom
9:37 Feudal Age
10:17 Double-Bit Axe
11:09 Horse Collar
18:18 Scale Barding Armor
19:54 Bloodlines
21:28 Wheelbarrow
25:23 Castle Age
27:06 Chain Barding Armor
26:49 Gold Mining
27:10 Bow Saw
27:01 Heavy Plow
27:21 Husbandry
疫拳抄人
7:04 Loom
9:23 Feudal Age
11:49 Fletching
20:57 Padded Archer Armor
25:21 Castle Age
25:22 Crossbowman
25:59 Bodkin Arrow
28:09 Ballistics
28:17 Thumb Ring
28:51 Double-Bit Axe
28:47 Horse Collar
11HQQQQ
6:29 Loom
9:56 Feudal Age
28:06 Castle Age
27:22 Bloodlines
27:50 Forging
27:47 Scale Barding Armor
27:54 Forging
28:53 Horse Collar
29:36 Light Cavalry
TVHG.Ruleman | EX REY
7:05 Loom
9:46 Feudal Age
11:08 Double-Bit Axe
22:29 Castle Age
22:00 Scale Barding Armor
21:53 Gold Mining
22:16 Forging
25:07 Husbandry
26:35 Iron Casting
27:48 Chain Barding Armor
28:55 Bow Saw
TVHG.LALO_CAESTA
0:28 Loom
9:27 Feudal Age
10:28 Double-Bit Axe
12:37 Fletching
16:01 Padded Archer Armor
26:21 Castle Age
26:46 Crossbowman
27:22 Bodkin Arrow
29:20 Ballistics
TVHG.IL Capitano
6:51 Loom
9:45 Feudal Age
11:07 Double-Bit Axe
14:21 Fletching
15:19 Padded Archer Armor
24:56 Castle Age
24:36 Gold Mining
24:43 Horse Collar
25:05 Crossbowman
25:54 Bodkin Arrow
27:51 Ballistics
28:06 Bow Saw
28:39 Leather Archer Armor
29:57 Thumb Ring
TVHG. Polac0 crhistF*-
6:05 Loom
8:55 Feudal Age
24:48 Scale Barding Armor
27:48 Wheelbarrow
29:43 Castle Age
28:22 Wheelbarrow
28:46 Gold Mining
28:43 Double-Bit Axe
28:51 Horse Collar
31:30 Bow Saw
31:45 Bloodlines
31:36 Husbandry
32:32 Chain Barding Armor
32:31 Hand Cart
Connection lost

Rejoining the realm…

Still unreachable

The connection could not be restored.

Session expired

The server has moved on; the page needs a fresh start.